PBL
CALGARY FLAMES @ KELOWNA HEAT
07/30/2047
 
TOP OF THE 1ST
Calgary Flames batting - Pitching for Kelowna Heat : LHP Diego Tellez
Pitching: LHP Diego Tellez
Batting: RHB Elias Vences 0-0: Ball
1-0: Ball
2-0: Foul Ball, location: 2F
2-1: SINGLE (Groundball, 5S, EV 61.2 MPH) (infield hit)
Batting: RHB Norinaga Yamakawakamatsu 0-0: Ball
1-0: Swinging Strike
1-1: Called Strike
1-2: Ball
2-2: Fly out, F7 (Flyball, 7D, EV 90.6 MPH)
Batting: RHB Willie Torres 0-0: Ball
1-0: Ball
2-0: SINGLE (Groundball, 6MD, EV 102.5 MPH)
Elias Vences to second
Batting: RHB Mick Vaught 0-0: Ball
1-0: Called Strike
1-1: Ball
2-1: Ball
3-1: Base on Balls
Elias Vences to third
Willie Torres to second
Batting: RHB Rod Johnson 0-0: Grounds into double play, 5-4-3 (Groundball, 25, EV 83.8 MPH)
Top of the 1st over - 0 runs, 2 hits, 0 errors, 2 left on base; Calgary 0 - Kelowna 0
BOTTOM OF THE 1ST
Kelowna Heat batting - Pitching for Calgary Flames : RHP Bruce Boivin
Pitching: RHP Bruce Boivin
Batting: RHB Armando Ramirez 0-0: Ground out 4-3 (Groundball, 4M, EV 91.2 MPH)
Batting: RHB Jaime Rios 0-0: Ball
1-0: Ball
2-0: Ball
3-0: Called Strike
3-1: Base on Balls
Batting: RHB Tony Harper 0-0: Ball
1-0: Ball
2-0: Ball
3-0: Called Strike
3-1: Fly out, F9 (Flyball, 9LSF, EV 86.9 MPH)
Batting: LHB Mike Roberts 0-0: Foul Ball, location: 2F
0-1: Ball
1-1: Fly out, F7 (Flyball, 7LMF, EV 92.5 MPH)
Bottom of the 1st over - 0 runs, 0 hits, 0 errors, 1 left on base; Calgary 0 - Kelowna 0
TOP OF THE 2ND
Calgary Flames batting - Pitching for Kelowna Heat : LHP Diego Tellez
Batting: LHB Gary Corrales 0-0: SINGLE (Line Drive, 56D, EV 103.1 MPH)
Batting: RHB Tyler Johnson 0-0: Fielders Choice at 2nd, 3-6 (Groundball, 3, EV 79.4 MPH)
Batting: RHB Antonio Martinez 0-0: Foul Ball, location: 2F
0-1: Foul Ball, location: 2F
0-2: Ball
Wild Pitch!
Tyler Johnson to second
1-2: Ground out 6-3 (Groundball, 6, EV 96.9 MPH)
Batting: LHB Bruce Daley 0-0: Foul Ball, location: 2F
0-1: Ball
Passed Ball!
Tyler Johnson to third
1-1: Swinging Strike
1-2: Strikes out swinging
Top of the 2nd over - 0 runs, 1 hit, 0 errors, 1 left on base; Calgary 0 - Kelowna 0
BOTTOM OF THE 2ND
Kelowna Heat batting - Pitching for Calgary Flames : RHP Bruce Boivin
Batting: LHB Adrian Navarro 0-0: Ball
1-0: Ball
2-0: Ball
3-0: Base on Balls
Batting: RHB Tsugio Yamaguchi 0-0: Ball
1-0: Called Strike
1-1: Ball
2-1: Fielders Choice at 2nd, 6-4 (Groundball, 6, EV 103.1 MPH)
Batting: RHB Soichi Kaneshiro 0-0: Fielders Choice at 2nd, 4-6 (Groundball, 4, EV 102.5 MPH)
Batting: SHB Michael Woodard 0-0: Called Strike
Soichi Kaneshiro is caught stealing 2nd base 2-6
Bottom of the 2nd over - 0 runs, 0 hits, 0 errors, 0 left on base; Calgary 0 - Kelowna 0
TOP OF THE 3RD
Calgary Flames batting - Pitching for Kelowna Heat : LHP Diego Tellez
Batting: RHB Elias Vences 0-0: Ball
1-0: Called Strike
1-1: Foul Ball, location: 2F
1-2: SINGLE (Groundball, 34D, EV 107.5 MPH)
Batting: RHB Norinaga Yamakawakamatsu 0-0: Ball
Elias Vences steals 2nd base (no throw)
1-0: Foul Ball, location: 2F
Pickoff Throw to Second - Error! E1
Elias Vences to third
1-1: Ball
2-1: Swinging Strike
2-2: Foul Ball, location: 2F
2-2: Ball
3-2: Foul Ball, location: 2F
3-2: Strikes out swinging
Batting: RHB Willie Torres 0-0: Ball
1-0: Fly out, F7 (Flyball, 78M, EV 88.8 MPH)
Runner from 3rd tags up, SCORES, throw by LF
Batting: RHB Mick Vaught 0-0: Ball
1-0: Ball
2-0: Ball
3-0: Called Strike
3-1: Swinging Strike
3-2: SINGLE (Groundball, 56D, EV 100.6 MPH)
Batting: RHB Rod Johnson 0-0: Ball
1-0: Ball
Passed Ball!
Mick Vaught to second
2-0: Ball
3-0: Called Strike
3-1: Fly out, F9 (Line Drive, 9, EV 90.0 MPH)
Top of the 3rd over - 1 run, 2 hits, 1 error, 1 left on base; Calgary 1 - Kelowna 0
BOTTOM OF THE 3RD
Kelowna Heat batting - Pitching for Calgary Flames : RHP Bruce Boivin
Batting: SHB Michael Woodard 0-0: Fly out, F6 (Popup, 6D, EV 50.0 MPH)
Batting: RHB Rúbem Trancoso 0-0: Called Strike
0-1: Ball
1-1: Foul Ball, location: 2F
1-2: Ball
2-2: Strikes out swinging
Batting: RHB Armando Ramirez 0-0: Swinging Strike
0-1: TRIPLE (Flyball, 7D, EV 99.4 MPH)
Batting: RHB Jaime Rios 0-0: Ball
1-0: Foul Ball, location: 2F
1-1: Foul Ball, location: 2F
1-2: Ball
2-2: Ball
3-2: TRIPLE (Line Drive, 78XD, EV 106.2 MPH)
Armando Ramirez scores
Batting: RHB Tony Harper 0-0: Foul Ball, location: 2F
0-1: Fly out, F8 (Line Drive, 89S, EV 95.0 MPH)
Bottom of the 3rd over - 1 run, 2 hits, 0 errors, 1 left on base; Calgary 1 - Kelowna 1
TOP OF THE 4TH
Calgary Flames batting - Pitching for Kelowna Heat : LHP Diego Tellez
Batting: LHB Gary Corrales 0-0: Swinging Strike
0-1: Ball
1-1: Ball
2-1: Called Strike
2-2: Ground out 3-1 (Groundball, 34, EV 106.2 MPH)
Batting: RHB Tyler Johnson 0-0: Fly out, F6 (Line Drive, 6, EV 70.0 MPH)
Batting: RHB Antonio Martinez 0-0: Ground out 5-3 (Groundball, 5L, EV 85.6 MPH)
Top of the 4th over - 0 runs, 0 hits, 0 errors, 0 left on base; Calgary 1 - Kelowna 1
BOTTOM OF THE 4TH
Kelowna Heat batting - Pitching for Calgary Flames : RHP Bruce Boivin
Batting: LHB Mike Roberts 0-0: Ball
1-0: Ball
2-0: Ball
3-0: Base on Balls
Batting: LHB Adrian Navarro 0-0: Ball
1-0: Ball
2-0: Ball
3-0: Called Strike
3-1: Base on Balls
Mike Roberts to second
Batting: RHB Tsugio Yamaguchi 0-0: Ball
1-0: Called Strike
1-1: Ball
2-1: Foul Ball, location: 2F
2-2: Foul Ball, location: 2F
2-2: Strikes out swinging
Batting: RHB Soichi Kaneshiro 0-0: Called Strike
0-1: Called Strike
0-2: Fielders Choice at 2nd, 3-6 (Groundball, 34, EV 86.9 MPH)
Mike Roberts to third
Batting: SHB Michael Woodard 0-0: Swinging Strike
0-1: Swinging Strike
0-2: Ball
1-2: Strikes out swinging
Bottom of the 4th over - 0 runs, 0 hits, 0 errors, 2 left on base; Calgary 1 - Kelowna 1
TOP OF THE 5TH
Calgary Flames batting - Pitching for Kelowna Heat : LHP Diego Tellez
Batting: LHB Bruce Daley 0-0: Fly out, F8 (Line Drive, 8LD, EV 93.8 MPH)
Batting: RHB Elias Vences 0-0: Called Strike
0-1: Ball
1-1: Ball
2-1: Ball
3-1: Foul Ball, location: 2F
3-2: Base on Balls
Batting: RHB Norinaga Yamakawakamatsu 0-0: Ball
1-0: Foul Ball, location: 2F
1-1: Ball
2-1: Ball
Elias Vences steals 2nd base
3-1: Ground out 6-3 (Groundball, 6, EV 101.9 MPH)
Batting: RHB Willie Torres 0-0: Called Strike
0-1: Ball
1-1: Foul Ball, location: 2F
1-2: Ground out 4-3 (Groundball, 4M, EV 81.2 MPH)
Top of the 5th over - 0 runs, 0 hits, 0 errors, 1 left on base; Calgary 1 - Kelowna 1
BOTTOM OF THE 5TH
Kelowna Heat batting - Pitching for Calgary Flames : RHP Bruce Boivin
Batting: RHB Rúbem Trancoso 0-0: Ball
1-0: Swinging Strike
1-1: Foul Ball, location: 2F
1-2: Strikes out swinging
Batting: RHB Armando Ramirez 0-0: Foul Ball, location: 2F
0-1: Foul Ball, location: 2F
0-2: Ball
1-2: Strikes out looking
Batting: RHB Jaime Rios 0-0: Ball
1-0: Foul Ball, location: 2F
1-1: Foul Ball, location: 2F
1-2: Hit by Pitch
Batting: RHB Tony Harper 0-0: Ball
1-0: Ball
2-0: Ball
3-0: Called Strike
3-1: Called Strike
3-2: SINGLE (Groundball, 4MD, EV 107.5 MPH)
Jaime Rios to second
Jaime Rios to third
Batting: LHB Mike Roberts 0-0: Ball
1-0: Foul Ball, location: 2F
1-1: Ball
2-1: Ball
3-1: SINGLE (Groundball, 3D, EV 106.2 MPH)
Jaime Rios scores
Tony Harper to second
Runner from 2nd tries for 3rd, SAFE, throw by RF made to third
Batting: LHB Adrian Navarro 0-0: Hit by Pitch
Mike Roberts to second
Batting: RHB Tsugio Yamaguchi 0-0: Ball
1-0: Ground out 1-3 (Groundball, 34S, EV 72.5 MPH)
Bottom of the 5th over - 1 run, 2 hits, 0 errors, 3 left on base; Calgary 1 - Kelowna 2
TOP OF THE 6TH
Calgary Flames batting - Pitching for Kelowna Heat : LHP Diego Tellez
Batting: RHB Mick Vaught 0-0: Swinging Strike
0-1: Ball
1-1: Ball
2-1: Ball
3-1: Base on Balls
Batting: RHB Rod Johnson 0-0: Called Strike
0-1: Ball
Passed Ball!
Mick Vaught to second
1-1: Fly out, F6 (Popup, 6M, EV 75.0 MPH)
Batting: LHB Gary Corrales 0-0: Swinging Strike
0-1: Ball
1-1: Foul Ball, location: 2F
1-2: Ball
2-2: Foul Ball, location: 2F
2-2: Foul Ball, location: 2F
2-2: Strikes out looking
Batting: RHB Tyler Johnson 0-0: Ball
1-0: Swinging Strike
1-1: Ball
2-1: Ball
3-1: Base on Balls
Batting: RHB Antonio Martinez 0-0: Ball
1-0: Ball
2-0: Swinging Strike
2-1: Reached via error on a dropped throw from 1B, E1 (Groundball, 13, EV 81.9 MPH)
Mick Vaught to third
Tyler Johnson to second
Batting: LHB Bruce Daley 0-0: Foul Ball, location: 2F
0-1: Called Strike
0-2: Ball
1-2: Foul Ball, location: 2F
1-2: Ball
2-2: Ball
3-2: Strikes out swinging
Top of the 6th over - 0 runs, 0 hits, 1 error, 3 left on base; Calgary 1 - Kelowna 2
BOTTOM OF THE 6TH
Kelowna Heat batting - Pitching for Calgary Flames : RHP Bruce Boivin
Batting: RHB Soichi Kaneshiro 0-0: Ball
1-0: Ball
2-0: Called Strike
2-1: Swinging Strike
2-2: Foul Ball, location: 2F
2-2: Fly out, F7 (Flyball, 78D, EV 91.9 MPH)
Batting: SHB Michael Woodard 0-0: Fly out, F3 (Popup, 3SF, EV 83.8 MPH)
Batting: RHB Rúbem Trancoso 0-0: Ball
1-0: Called Strike
1-1: Hit by Pitch
Batting: RHB Armando Ramirez 0-0: Ball
1-0: Foul Ball, location: 2F
1-1: Fly out, F8 (Flyball, 8RD, EV 108.1 MPH)
Bottom of the 6th over - 0 runs, 0 hits, 0 errors, 1 left on base; Calgary 1 - Kelowna 2
TOP OF THE 7TH
Calgary Flames batting - Pitching for Kelowna Heat : LHP Diego Tellez
Batting: RHB Elias Vences 0-0: Foul Ball, location: 2F
0-1: Swinging Strike
0-2: Foul Ball, location: 2F
0-2: Strikes out swinging
Batting: RHB Norinaga Yamakawakamatsu 0-0: SINGLE (Groundball, 6M, EV 93.8 MPH)
Batting: RHB Willie Torres 0-0: Called Strike
0-1: Called Strike
0-2: Ball
1-2: Ball
2-2: Ball
3-2: Fly out, F6 (Popup, 6, EV 58.8 MPH)
Pitching: RHP James Jenkins
Batting: RHB Mick Vaught 0-0: Foul Ball, location: 2F
0-1: Ball
1-1: Called Strike
1-2: Foul Ball, location: 2F
1-2: Ball
2-2: Ball
3-2: Base on Balls
Norinaga Yamakawakamatsu to second
Batting: RHB Rod Johnson 0-0: Ball
1-0: Ground out 5-3 (Groundball, 56S, EV 83.1 MPH)
Top of the 7th over - 0 runs, 1 hit, 0 errors, 2 left on base; Calgary 1 - Kelowna 2
BOTTOM OF THE 7TH
Kelowna Heat batting - Pitching for Calgary Flames : RHP Bruce Boivin
Batting: RHB Jaime Rios 0-0: Foul Ball, location: 2F
0-1: Called Strike
0-2: Ball
1-2: SINGLE (Line Drive, 9S, EV 105.6 MPH)
Batting: RHB Tony Harper 0-0: Ball
1-0: Foul Ball, location: 2F
1-1: Ball
Wild Pitch!
Jaime Rios to second
2-1: Called Strike
2-2: Fly out, F8 (Flyball, 89D, EV 93.1 MPH)
Pitching: LHP Dong-u Jung
Batting: LHB Mike Roberts 0-0: Foul Ball, location: 2F
0-1: Called Strike
0-2: Ball
1-2: Foul Ball, location: 2F
1-2: Ball
2-2: Ball
3-2: Foul Ball, location: 2F
3-2: Foul Ball, location: 2F
3-2: Strikes out looking
Batting: LHB Adrian Navarro 0-0: Ball
1-0: Foul Ball, location: 2F
1-1: Ball
2-1: SINGLE (Groundball, 6MS, EV 61.2 MPH) (infield hit)
Jaime Rios to third
Pitching: LHP Cory Watson
Batting: RHB Tsugio Yamaguchi 0-0: Ball
Wild Pitch!
Jaime Rios scores
Adrian Navarro to second
1-0: Foul Ball, location: 2F
1-1: Foul Ball, location: 2F
1-2: Ball
2-2: Ground out 4-3 (Groundball, 4, EV 90.6 MPH)
Bottom of the 7th over - 1 run, 2 hits, 0 errors, 1 left on base; Calgary 1 - Kelowna 3
TOP OF THE 8TH
Calgary Flames batting - Pitching for Kelowna Heat : RHP James Jenkins
Batting: LHB Gary Corrales 0-0: Ball
1-0: Called Strike
1-1: Called Strike
1-2: Strikes out looking
Batting: RHB Tyler Johnson 0-0: Fly out, F8 (Line Drive, 8RM, EV 91.9 MPH)
Pinch Hitting: RHB Juan Mercado 0-0: Swinging Strike
0-1: Ball
1-1: Ground out 1-3 (Groundball, P, EV 70.0 MPH)
Top of the 8th over - 0 runs, 0 hits, 0 errors, 0 left on base; Calgary 1 - Kelowna 3
BOTTOM OF THE 8TH
Kelowna Heat batting - Pitching for Calgary Flames : LHP Cory Watson
Now at 3B: Juan Mercado
Batting: RHB Soichi Kaneshiro 0-0: SINGLE (Groundball, 6MD, EV 98.1 MPH)
Batting: SHB Michael Woodard 0-0: Ball
1-0: Ball
2-0: Ball
3-0: Base on Balls
Soichi Kaneshiro to second
Batting: RHB Rúbem Trancoso 0-0: Ball
1-0: Grounds into double play, 5-4-3 (Groundball, 56, EV 90.0 MPH)
Soichi Kaneshiro to third
Batting: RHB Armando Ramirez 0-0: Called Strike
0-1: Foul Ball, location: 2F
0-2: Ground out 6-3 (Groundball, 4M, EV 85.0 MPH)
Bottom of the 8th over - 0 runs, 1 hit, 0 errors, 1 left on base; Calgary 1 - Kelowna 3
TOP OF THE 9TH
Calgary Flames batting - Pitching for Kelowna Heat : RHP James Jenkins
Now at 2B: Glen Limeburner
Batting: LHB Bruce Daley 0-0: Ball
1-0: Foul Ball, location: 2F
1-1: Swinging Strike
1-2: Foul Ball, location: 2F
1-2: Fly out, F6 (Popup, 6MD, EV 47.5 MPH)
Pitching: LHP Jason Haas
Batting: RHB Elias Vences 0-0: Foul Ball, location: 2F
0-1: Ball
1-1: Ball
2-1: Called Strike
2-2: Strikes out swinging
Batting: RHB Norinaga Yamakawakamatsu 0-0: Called Strike
0-1: Foul Ball, location: 2F
0-2: Ball
1-2: Strikes out swinging
Top of the 9th over - 0 runs, 0 hits, 0 errors, 0 left on base; Calgary 1 - Kelowna 3
Thursday, December 15th , 2022 - OOTP Baseball 23.9 Build 102